Arrhythmia, chaotic female vampiric Convict ---------------- |..)..[........| --------- #...........<...| ##-.......| @ |..............-## # |.>.....| ### ----------------# ### |........##### % ## ------ # --------- ##%# #### |....-###### ### # # |....| #### ### |.....#### # ### # # |....| # ### # ### ------ ### # ### # . # --------- ### # ------# ##........| # ### |..%..# |.......|## # |.%..| |.......| ##..._.| --------- ------ Arrhythmia the Jail-bird Experience level: 8 Strength: 18/01 Dexterity: 12 Constitution: 18 Intelligence: 9 Wisdom: 10 Charisma: 9 Health: 78(78) Energy: 50(50) AC: -1 Gold: 706 Moves: 4386 Your Inventory: Coins $ - 706 gold pieces Amulets S - a cursed pyramidal amulet [of restful sleep] (being worn) Armor b - a cursed +0 striped shirt d - a blessed burnt +1 oilskin cloak (being worn) x - an uncursed +0 dwarvish mithril-coat (being worn) y - an uncursed +0 dwarvish iron helm (being worn) A - an uncursed +0 pair of iron shoes (being worn) Iron balls c - an uncursed rusty thoroughly corroded heavy iron ball (chained to you) (weapon in hand) Spells known in the end: Name Level Category Fail Memory Your skills at the end: Fighting Skills Weapon Skills sling [Basic / Skilled] Spellcasting Skills Final Attributes: You were piously aligned. Hunger level was 686. Your alignment was 31 / 31. Monster difficulty range was 1 - 8. Level difficulty was 9. You were immune to poison. You were immune to level-drain. You were immune to sickness. You were blinded. You were punished. You fell asleep. You could fly. You could survive without air. You regenerated. You were lucky (1). You survived. Vanquished creatures: 2 black puddings a giant beetle a wolf a horse a blue jelly a gnome mummy a fire ant a bugbear a water nymph a mountain nymph a rock piercer a rock mole a pony a yellow light a violet fungus a gnome lord a gray ooze 4 elf zombies 2 floating eyes a kitten 3 dwarves a kobold lord a hill orc a rabid rat a giant bat a monkey a wererat 3 iguanas 10 killer bees 2 acid blobs a gas spore 3 hobbits a hobgoblin 5 giant rats 2 yellow molds a red mold 9 gnomes 3 geckos 9 jackals a fox 2 goblins 2 sewer rats 2 grid bugs 4 lichens 4 kobold zombies 3 newts 101 creatures vanquished. Voluntary challenges: You went without food. You never hit with a wielded weapon. You read items or engraved 9 times. You put on armor 17 times. You never genocided any monsters. You never polymorphed an object. You never changed form. You used no wishes. You abstained from Elbereth's help. You never encountered a bones level. You never used any Sokoban shortcuts. Dungeon overview: The Dungeons of Doom: levels 1 to 9 Level 1 a fountain a long staircase Level 2 an altar to Tymora stairs to The Gnomish Mines Level 3 a fountain Level 4 a fountain Level 6 many fountains Level 7 an altar, a sink stairs to Sokoban Level 9 <- You were here an altar The Gnomish Mines: Level 3 stairs to The Dungeons of Doom Sokoban: Level 6 a magic chest stairs to The Dungeons of Doom History has recorded: On T:1 you entered the Dungeons of Doom to retrieve the Amulet of Yendor! On T:238 you reached level 2 of The Dungeons of Doom. On T:666 you advanced to experience level 2. On T:921 you advanced to experience level 3. On T:1003 you reached level 3 of The Dungeons of Doom. On T:1069 you advanced to experience level 4. On T:1085 you received a fireproof sling from Tymora. On T:1336 you reached level 1 of The Gnomish Mines. On T:1977 you advanced to experience level 5. On T:2321 you reached level 4 of The Dungeons of Doom. On T:2353 you advanced to experience level 6. On T:2790 you reached level 5 of The Dungeons of Doom. On T:3221 you advanced to experience level 7. On T:3269 you reached level 6 of The Dungeons of Doom. On T:3552 you reached level 7 of The Dungeons of Doom. On T:3633 you reached level 3 of Sokoban. On T:3880 you advanced to experience level 8. On T:3934 you reached level 8 of The Dungeons of Doom. On T:4128 you reached level 9 of The Dungeons of Doom. Latest messages: You miss the giant beetle. You bite the giant beetle. You feed on the lifeblood. The giant beetle suddenly seems weaker! The giant beetle misses. [HP+1=69] You kill the giant beetle! [HP+1=70] You see here a giant beetle corpse. [HP+1=71] [HP+1=72] [HP+1=73] [HP+1=74] The yellow light explodes! You are blinded by a blast of light! [HP+1=75] [HP+1=76] [HP+1=77] [HP+1=78] You try to feel what is lying here on the ground. You feel here a giant beetle corpse. You try to feel what is lying here on the ground. Final status: Goodbye Arrhythmia the Convict... You quit in The Dungeons of Doom on dungeon level 9 with 6716 points, and 706 pieces of gold, after 4386 moves. You were level 8 with a maximum of 78 hit points when you quit.